 Dungeon Crawl Stone Soup version 0.28.0-53-g5a82cb258f (webtiles) character file.

Game seed: 9869403529438883260

74 nickcage the Slasher (level 4, 0/35 HPs)
             Began as a Demonspawn Abyssal Knight on May 24, 2022.
             Was a Follower of Lugonu.
             Slain by a scorpion (4 damage)
             ... on level 3 of the Dungeon.
             The game lasted 00:03:47 (1986 turns).

nickcage the Slasher (Demonspawn Abyssal Knight)    Turns: 1986, Time: 00:03:48

Health: 0/35       AC:  5    Str: 15    XL:     4   Next: 10%
Magic:  5/5        EV:  9    Int: 11    God:    Lugonu [*.....]
Gold:   129        SH: 12    Dex: 14    Spells: 3/3 levels left

rFire   + . .      SeeInvis .   a - +1 falchion
rCold   . . .      Faith    .   d - +0 kite shield
rNeg    . . .      Spirit   .   b - +0 leather armour
rPois   .          Reflect  +   g - +0 helmet
rElec   .          Harm     .   (no cloak)
rCorr   .          Rampage  .   h - +0 pair of gloves
Will    .....                   (no boots)
Stlth   +.........              t - amulet of reflection
HPRegen 0.11/turn               l - ring of protection from fire
MPRegen 0.18/turn               (no ring)

@: no status effects
A: ignite blood 1, magic regeneration
a: Renounce Religion, Depart the Abyss


You were on level 3 of the Dungeon.
You worshipped Lugonu.
Lugonu was aware of your devotion.
You visited 1 branch of the dungeon, and saw 3 of its levels.
You visited the Abyss 1 time.

You collected 129 gold pieces.

Inventory:

Hand Weapons
 a - a +1 falchion (weapon)
Missiles
 c - 2 javelins (quivered)
Armour
 b - a +0 leather armour (worn)
 d - a +0 kite shield (worn)
 g - a +0 helmet (worn)
 h - a +0 pair of gloves (worn)
 n - a +0 pair of gloves
Jewellery
 l - a ring of protection from fire (left hand)
 t - an amulet of reflection (around neck)
Scrolls
 i - a scroll of blinking {unknown}
 j - a scroll of teleportation {unknown}
 m - a scroll of immolation {unknown}
 o - 2 scrolls of identify
Potions
 e - 2 potions of invisibility
 f - a potion of ambrosia
 k - a potion of haste
 p - a potion of cancellation {unknown}
 q - a potion of resistance {unknown}
 r - a potion of attraction {unknown}
 s - a potion of lignification {unknown}


   Skills:
 - Level 3.0 Fighting
 + Level 3.4 Long Blades
 + Level 0.1 Throwing
 + Level 2.5 Armour
 - Level 0.8 Dodging
 + Level 0.2 Shields
 - Level 2.4 Invocations


You had 3 spell levels left.
You didn't know any spells.
Your spell library was empty.

Dungeon Overview and Level Annotations

Branches:
Dungeon (3/15)

Altars:


Innate Abilities, Weirdness & Mutations

Your demonic aura sometimes causes spilled blood to erupt in flames.
You regenerate magic rapidly.


Message History

You feel sick. The scorpion stings you. You block the scorpion's attack.
You closely miss the scorpion.
The scorpion is heavily wounded.
You feel sick.
You are no longer poisoned.
The scorpion stings you but does no damage.
You hit the scorpion.
The scorpion is heavily wounded.
The scorpion closely misses you. You block the scorpion's attack.
You hit the scorpion.
The scorpion is almost dead.
You block the scorpion's attack. x2
You hit the scorpion but do no damage.
The scorpion is almost dead.
You block the scorpion's attack.
You closely miss the scorpion.
The scorpion is severely wounded.
The scorpion stings you! You block the scorpion's attack.
You are too injured to fight recklessly!
You are too injured to fight recklessly!
You are too injured to fight recklessly!
You closely miss the scorpion.
The scorpion is severely wounded.
The scorpion barely misses you.
You barely miss the scorpion.
The scorpion is severely wounded.
The scorpion stings you.
* * * LOW HITPOINT WARNING * * *
The scorpion stings you.
* * * LOW HITPOINT WARNING * * *
You hit the scorpion but do no damage.
The scorpion is severely wounded.
The scorpion barely misses you. The scorpion closely misses you.
You closely miss the scorpion.
The scorpion is severely wounded.
The scorpion stings you but does no damage.
You completely miss the scorpion.
The scorpion is severely wounded.
The scorpion stings you.
You die...

#.###.#
##.#.##
##.## #[#
#.# #>#
#.#
..#.###.#
#()...s@#
....#####
##


You could see a scorpion.

Vanquished Creatures
  Robin (D:2)
  An adder (D:2)
  2 orcs (D:3)
  4 bats
  3 endoplasms
  2 giant cockroaches (D:1)
  12 goblins
  7 hobgoblins
  4 jackals (D:2)
  2 quokkas (D:1)
  2 ball pythons (D:2)
  2 kobolds
  3 rats
45 creatures vanquished.

Notes
Turn   | Place    | Note
-------+----------+-------------------------------------------
     0 | Abyss:1  | nickcage the Demonspawn Abyssal Knight began the quest for
                  | the Orb.
     0 | Abyss:1  | Reached XP level 1. HP: 18/18 MP: 2/2
     0 | D:1      | Escaped the Abyss
   210 | D:1      | Found a faded altar of an unknown god.
   259 | D:1      | Gained mutation: Your demonic aura sometimes causes spilled
                  | blood to erupt in flames. [demonic ancestry]
   259 | D:1      | Reached XP level 2. HP: 22/24 MP: 3/3
   523 | D:2      | Noticed Robin
   535 | D:2      | Killed Robin
   536 | D:2      | Reached XP level 3. HP: 26/29 MP: 4/4
   539 | D:2      | Reached * piety under Lugonu
  1666 | D:3      | Gained mutation: You regenerate magic rapidly. [demonic
                  | ancestry]
  1666 | D:3      | Reached XP level 4. HP: 35/35 MP: 5/5
  1968 | D:3      | Noticed a scorpion
  1986 | D:3      | Slain by a scorpion

Illustrated notes

Levels and vault maps discovered:
D:1:      wander_arrival_lonely_grave, layout_rooms,
          chequers_ecumenical_altar_simple
D:2:      layout_basic, uniq_robin
D:3:      layout_loops_corners, uniq_terence

Skill      XL: |  1  2  3 |
---------------+----------+-----
Long Blades    | 2 3 |  3.4
Armour         | 2 |  2.5
Fighting       | |  3.0
Throwing       | |  0.1
Dodging        | |  0.8
Shields        | |  0.2
Invocations    | |  2.4

Action                   |  1- 3 |  4- 6 || total
-------------------------+-------+-------++-------
Melee: Falchion          |    93 |    31 ||   124
Throw: Javelin           |     1 |     2 ||     3
Invok: Depart the Abyss  |     1 |       ||     1
  Use: Scroll            |     3 |       ||     3
Armor: Leather armour    |    26 |    10 ||    36
Dodge: Dodged            |    27 |    16 ||    43
Block: Kite shield       |    31 |    18 ||    49
